 Dungeon Crawl Stone Soup version 0.30-a0-475-g03497ec522 (webtiles) character file.

Game seed: 6965762097528748646

224 kae the Firebug (level 5, -2/35 (38) HPs)
             Began as a Demigod Fire Elementalist on Dec 20, 2022.
             Slain by a wyvern (16 damage)
             ... on level 6 of the Dungeon.
             The game lasted 00:05:35 (4118 turns).

kae the Firebug (Demigod Fire Elementalist)         Turns: 4118, Time: 00:05:36

HP:   -2/35 (38)    AC:  4    Str:  9    XL:     5   Next: 39%
MP:   20/20         EV: 12    Int: 21    God:
Gold: 158           SH:  0    Dex: 14    Spells: 3/9 levels left

rFire   . . .      SeeInvis .    h - +0 short sword
rCold   . . .      Faith    .    (no shield)
rNeg    . . .      Spirit   .    a - +0 robe
rPois   .          Reflect  .    (no helmet)
rElec   .          Harm     .    e - +0 cloak
rCorr   .          Rampage  .    f - +0 pair of gloves
Will    .....                    (no boots)
Stlth   ++........               (no amulet)
HPRegen 0.25/turn                W - ring of magical power
MPRegen 0.17/turn                (no ring)

@: about to teleport, marked, drained
A: high MP 1, forlorn, divine attributes
a: no special abilities


You were on level 6 of the Dungeon.
You visited 1 branch of the dungeon, and saw 8 of its levels.

You collected 158 gold pieces.


Innate Abilities, Weirdness & Mutations

You have an increased reservoir of magic. (+10% MP)
You shall have no god before yourself.
Your divine heritage dramatically boosts your attributes as you level up.


   Skills:
 - Level 1.7 Dodging
 - Level 1.7 Stealth
 + Level 2.6 Spellcasting
 * Level 3.2 Conjurations
 * Level 4.2 Fire Magic


You had 3 spell levels left.
You knew the following spells:

 Your Spells              Type           Power      Damage    Failure   Level
a - Foxfire               Conj/Fire      72%        2x1d7     3%          1
b - Scorch                Fire           40%        2d7       3%          2
c - Inner Flame           Hex/Fire       11%        N/A       17%         3

Your spell library contained the following spells:

 Spells                   Type           Power      Damage    Failure   Level
 Apportation              Tloc           4%         N/A       14%         1
 Summon Small Mammal      Summ           8%         N/A       14%         1
 Ensorcelled Hibernation  Hex/Ice        4%         N/A       21%         2
 Kindle Blastsparks       Fire/Tloc/Air  16%        2d11      22%         3
 Stone Arrow              Conj/Erth      18%        3d8       22%         3
 Call Canine Familiar     Summ           2%         N/A       38%         3
 Spider Form              Tmut/Pois      2%         N/A       38%         3
 Summon Guardian Golem    Hex/Summ       2%         N/A       38%         3
 Flame Wave               Conj/Fire      18%        2d7       28%         4
 Anguish                  Hex/Necr       1%         N/A       80%         4
 Summon Forest            Summ/Tloc      1%         N/A       98%         5
 Disjunction              Tloc           1%         N/A       100%        8

Inventory:

Hand Weapons
 h - a +0 short sword (weapon)
   (You took it off a kobold on level 1 of the Dungeon)
Missiles
 c - 24 stones
 o - 4 atropa-tipped darts
Armour
 a - a +0 robe (worn)
 e - a +0 cloak (worn)
   (You found it on level 1 of the Dungeon)
 f - a +0 pair of gloves (worn)
   (You found it on level 2 of the Dungeon)
Magical Staves
 p - a staff of fire {!a}
   (You acquired it on level 2 of the Dungeon)
Jewellery
 W - a ring of magical power (left hand)
   (You found it on level 2 of the Dungeon)
Wands
 n - a wand of charming (10)
   (You found it on level 2 of the Dungeon)
Scrolls
 r - a scroll of immolation {!r!r}
 s - a scroll of teleportation {@r4}
 u - a scroll of magic mapping {!r}
Potions
 b - 2 potions of magic
 d - 2 potions of curing {@q1}
 g - a potion of berserk rage {!q}
 i - a potion of attraction {!q}
 j - a potion of might
 k - a potion of degeneration {unknown}
 m - a potion of ambrosia

Dungeon Overview and Level Annotations

Branches:
Dungeon (8/15) Zot: 26881
 Temple: D:4-7         Lair: D:8-11

Shops:
D:4 *

Portals:
Ossuary: D:6

Annotations:
D:3 exclusion: ice beast

............<..#
.#.#..............<.
.S.......#..........
.#.#.....##.........
.........###....#...
.#.#$....# ##...##..
.......z.#..##z.....
#.#...hl'..M##...
#.....@z#..## ..
#.......# ##
.........#
.[.......#
..##.....# . ##..#..
+.#### +.


You could see a water moccasin, a wyvern, a mummy (dormant), a hound and 2
wights.


Message History

😕 HP[+1] 😕 HP[+1] MP[+1]
Your mp is fully restored (20). 😕 HP[+1] 😕 HP[+1]
A sourceless malevolence fills the Dungeon...
With a horrendous wail, an alarm goes off!
A sentinel's mark forms upon you.
You hear a shout! x8; You hear an angry growl.
You hear a howl!
Found a scroll labelled OLONUWOUDEISO.
Found a stone staircase leading up. 😕 HP[+1]
An ogre comes into view.
It is wielding a +0 giant spiked club. 2 gnolls come into view.
A gnoll is wielding a +2 whip of freezing.
A gnoll sergeant comes into view.
It is wielding a +0 battleaxe and wearing a +0 scale mail of poison resistance. 😕 HP[+1]
Okay, then.
Okay, then.
There is a stone staircase leading up here.
The ogre hits you with a +0 giant spiked club!
You climb upwards.
You hear the hiss of flowing sand.
There is an entrance to an ossuary on this level.
Hurry and find it before the portal is buried!
You hear the slow hiss of an avalanche of sand very nearby.
Found a flail.
Found two stone staircases leading up.
There is a stone staircase leading down here. 😮 HP[-9]
You take 9 damage, and now have 25/38 hp.
MASSIVE DAMAGE!! (PAUSE) Unknown command.
As you read the scroll of fear, it crumbles to dust.
You assume a fearsome visage.
The ogre looks frightened! 😮 HP[+1]
A wight comes into view. It is wielding a +1 short sword.
The ogre gibbers meaninglessly.
Found a stone staircase leading up.
The ogre almost stumbles in trying to escape. 😮 HP[+1]
A wight comes into view. It is wielding a +2 halberd.
The ogre almost stumbles in trying to escape.
The wight hits you with a +1 short sword. 😮 HP[-3]
You take 3 damage, and now have 24/38 hp. 😮 HP[+1]
A hound comes into view.
A wyvern comes into view.
Okay, then.
Okay, then.
The wight attacks as you move away!
The wight hits you with a +1 short sword.
You feel drained. 😮 HP[-5]
You now have 37 max hp (-1).
You take 5 damage, and now have 20/37 hp.
The hound bites you.
* * * LOW HITPOINT WARNING * * *
The hound bites you.
* * * LOW HITPOINT WARNING * * *
😨 HP[-5]
You take 5 damage, and now have 15/37 hp.
You open the door.
A mummy comes into view.
The hound bites you.
* * * LOW HITPOINT WARNING * * *
The hound bites you.
* * * LOW HITPOINT WARNING * * *
Found a sand-covered staircase. 😱 HP[-6]
You take 6 damage, and now have 9/37 hp.
You hit the wight but do no damage.
The wight hits you with a +1 short sword.
* * * LOW HITPOINT WARNING * * *
You feel drained.
* * * LOW HITPOINT WARNING * * *
The hound barely misses you. 😱 HP[-7]
You now have 35 max hp (-2).
You take 7 damage, and now have 2/35 hp.
Unknown command.
Okay, then.
You feel much better. The hound barely misses you.
The wight hits you with a +1 short sword!
The wyvern bites you. The hound barely misses you. 😮 HP[+19]
You regained 19 hp, and now have 21/35 hp.
As you read the scroll of teleportation {@r4}, it crumbles to dust.
You feel strangely unstable. The wight closely misses you.
The wight barely misses you. The hound bites you.
* * * LOW HITPOINT WARNING * * *
The wyvern bites you.
* * * LOW HITPOINT WARNING * * *
😨 HP[-5]
You take 5 damage, and now have 16/35 hp.
The wyvern attacks as you move away! The wyvern bites you.
* * * LOW HITPOINT WARNING * * *
A water moccasin comes into view.
The water moccasin hisses angrily.
You hear a shout!
The hound bites you.
* * * LOW HITPOINT WARNING * * *
The wyvern bites you!
You die...

Skill      XL: |  1  2  3  4 |
---------------+-------------+-----
Conjurations   | 1 2 3 |  3.2
Fire Magic     | 3 4 |  4.2
Spellcasting   | 2 |  2.6
Dodging        | |  1.7
Stealth        | |  1.7

Action                   |  1- 3 |  4- 6 || total
-------------------------+-------+-------++-------
Melee: Short sword       |    20 |     4 ||    24
 Cast: Foxfire           |    49 |    49 ||    98
       Scorch            |    19 |     7 ||    26
  Use: Scroll            |     6 |    12 ||    18
       Potion            |       |     1 ||     1
 Stab: Sleeping          |     1 |       ||     1
Armor: Robe              |    12 |     1 ||    13
Dodge: Dodged            |    34 |    11 ||    45

Levels and vault maps discovered:
D:1:      lightli_iron_boxes, layout_basic
D:2:      layout_loops_ring
D:3:      layout_basic, nicolae_ru_great_annihilating_truth,
          lightli_temple_of_fire, hellmonk_ecumenical_altar_defaced_shrine,
          chequers_serial_rivers_room_b, chequers_serial_rivers_micro_c,
          serial_bayou_crossing
D:4:      layout_rooms, nicolae_shop_sticking_my_neck_out
D:5:      minmay_chambers_of_fours, layout_loops_ring,
          overflow_temple_1_default, tgw_kikubaaqudgha,
          kennysheep_generic_room_9, uniq_blork_the_orc
D:6:      layout_cave_pools, minmay_temple_entry_statues_fountains,
          serial_gnoll_camp, gnoll_camp_mini_shop, gnoll_camp_mini_doghouse,
          gnoll_camp_mini_house, gnoll_camp_mini_doghouse, gnoll_camp_mini_hut,
          gnoll_camp_mini_hut, gup_ossuary_entry_pyramid, st_stairs_10,
          eino_small_chamber_without_monster, nrook_mini_vaults
D:7:      layout_rooms, nicolae_vehumet_altar_sigil
D:8:      layout_rooms, slow_altar_1, erik_lair_island, nrook_campfire

Notes
Turn   | Place    | Note
-------+----------+-------------------------------------------
     0 | D:1      | kae the Demigod Fire Elementalist began the quest for the
                  | Orb.
     0 | D:1      | Reached XP level 1. HP: 14/14 MP: 5/5
     0 | D:1      | magus.rc [v1.11.3]
    20 | D:1      | Reached skill level 1 in Conjurations
    22 | D:1      | You pick up a book of Callings and begin reading...
    22 | D:1      | You add the spells Summon Small Mammal, Call Canine
                  | Familiar and Summon Guardian Golem to your library.
   352 | D:1      | Reached skill level 3 in Fire Magic
   352 | D:1      | Reached XP level 2. HP: 20/20 MP: 5/7
   571 | D:1      | Learned a level 2 spell: Scorch
   653 | D:1      | Reached skill level 2 in Spellcasting
   680 | D:1      | You add the spells Apportation, Stone Arrow, Summon Forest
                  | and Disjunction to your library.
   680 | D:1      | Got the Incunable of the Mountains and Transposition
  1308 | D:2      | Reached XP level 3. HP: 13/26 MP: 2/8
  1312 | D:2      | Reached skill level 2 in Conjurations
  1313 | D:2      | HP: 6/26 [poisoned by an adder]
  1725 | D:2      | Identified the +2 ring mail of the Slightly Bent {Int+4}
  2022 | D:2      | Identified a scroll of acquirement
  2022 | D:2      | Acquired a staff of fire
  2221 | D:3      | Reached XP level 4. HP: 25/33 MP: 10/10
  2503 | D:3      | Noticed an ice beast
  3429 | D:4      | You pick up a book of Dreams and begin reading...
  3429 | D:4      | You add the spells Ensorcelled Hibernation, Spider Form and
                  | Anguish to your library.
  3446 | D:4      | Reached skill level 4 in Fire Magic
  3486 | D:4      | Reached skill level 3 in Conjurations
  3486 | D:4      | Reached XP level 5. HP: 38/38 MP: 11/11
  3571 | D:4      | You pick up a book of Callings and begin reading...
  3620 | D:4      | Found Ovozxuro's Neck Hole.
  3939 | D:4      | magus.rc [v1.11.3]
  3974 | D:5      | Entered Level 5 of the Dungeon
  3974 | D:5      | Noticed a human
  3978 | D:5      | Killed a human
  3985 | D:5      | Learned a level 3 spell: Inner Flame
  3985 | D:5      | You fall into a shaft and drop 3 floors!
  4093 | D:7      | Noticed an ogre
  4108 | D:6      | Noticed a wyvern
  4114 | D:6      | Found a sand-covered staircase.
  4114 | D:6      | HP: 9/37 [hound (2)]
  4115 | D:6      | HP: 4/37 [wight/+1 short sword (6)]
  4118 | D:6      | Noticed a water moccasin
  4118 | D:6      | Slain by a wyvern

Vanquished Creatures
  A jelly (D:4)
  An iguana (D:4)
  An orc wizard (D:3)
  7 adders
  A white imp (D:7)
  2 dart slugs
  4 orcs (D:3)
  6 ball pythons
  5 bats
  4 endoplasms
  2 giant cockroaches (D:1)
  7 goblins
  8 hobgoblins
  2 jackals (D:2)
  3 quokkas
  3 frilled lizards
  5 kobolds
  6 rats
68 creatures vanquished.

Vanquished Creatures (collateral kills)
  3 foxfires (D:3)
3 creatures vanquished.

Vanquished Creatures (others)
  A human (D:5)
  173 foxfires
  A plant (D:3)
175 creatures vanquished.

Grand Total: 246 creatures vanquished

Table legend:
 A = Non-vault XP
 B = Vault XP
 C = Vault XP percentage of total XP
 D = Non-vault monster count
 E = Vault monster count
 F = Vault count percentage of total count
                 A         B        C        D         E       F
            +---------+---------+-------+---------+---------+-------
      Total |     272 |      48 |  15.0 |      61 |       7 |  10.3
            +---------+---------+-------+---------+---------+-------
        D:1 |      38 |       0 |   0.0 |      23 |       0 |   0.0
        D:2 |      49 |       0 |   0.0 |      13 |       0 |   0.0
        D:3 |      29 |      48 |  62.3 |      11 |       7 |  38.9
        D:4 |     146 |       0 |   0.0 |      13 |       0 |   0.0
        D:7 |      10 |       0 |   0.0 |       1 |       0 |   0.0
            +---------+---------+-------+---------+---------+-------

Illustrated notes

Table legend:
 A = Kills in this place as a percentage of kills in entire the game.
 B = Kills by you in this place as a percentage of kills by you in the entire game.
 C = Kills by friends in this place as a percentage of kills by friends in the entire game.
 D = Other kills in this place as a percentage of other kills in the entire game.
 E = Experience gained in this place as a percentage of experience gained in the entire game.
 F = Experience gained in this place divided by the number of levels of this place that you have seen.
                   A       B       C       D       E      F
               +-------+-------+-------+-------+-------+----------------------
         Total | 100.0 | 100.0 |   N/A |   N/A | 100.0 |  40.0
       Dungeon | 100.0 | 100.0 |   N/A |   N/A | 100.0 |  40.0
               +-------+-------+-------+-------+-------+----------------------

Table legend: (Time is in decaauts)
 A = Elapsed time spent in this place.
 B = Non-inter-level travel time spent in this place.
 C = Inter-level travel time spent in this place.
 D = Time resting spent in this place.
 E = Time spent auto-exploring this place.
 F = Levels seen in this place.
 G = Mean time per level.
                   A        B        C        D        E       F      G
               +--------+--------+--------+--------+--------+-----+--------+
         Total |   4133 |   3958 |    175 |     56 |   3325 |   8 |  516.6 |
       Dungeon |   4133 |   3958 |    175 |     56 |   3325 |   8 |  516.6 |
               +--------+--------+--------+--------+--------+-----+--------+

Top non-repeatable levels by time:
     D:3: 1319 daAuts
     D:1: 1085 daAuts
     D:2: 949 daAuts
     D:4: 635 daAuts
     D:7: 106 daAuts
     D:6: 20 daAuts
     D:5: 10 daAuts
     D:8: 5 daAuts
